 Dungeon Crawl Stone Soup version 0.32-a0-975-g85d4e5bfdb (webtiles) character file.

Game seed: 17805313244819187331

3 Anon1729 the Trooper (level 1, -2/24 HPs)
             Began as an Oni Monk on Apr 18, 2024.
             Succumbed to a kobold's poison
             ... on level 1 of the Dungeon.
             The game lasted 00:01:02 (284 turns).

Anon1729 the Trooper (Oni Monk)                      Turns: 284, Time: 00:01:03

Health: -2/24      AC:  3    Str: 14    XL:     1   Next: 50%
Magic:  1/1        EV:  9    Int: 11    God:
Gold:   28         SH:  0    Dex: 11    Spells: 0/0 levels left

rFire   . . .        a - +0 mace
rCold   . . .        d - orb {light}
rNeg    . . .        b - +0 robe
rPois   .            (helmet restricted)
rElec   .            (no cloak)
rCorr   .            (gloves unavailable)
SInv    .            (boots unavailable)
Will    .....        (no amulet)
Stlth   +            (no ring)
HPRegen 0.24/turn    (no ring)
MPRegen 0.07/turn

%: no passive effects
@: lethally poisoned (-2 -> -40), attractive, glowing
A: large, unfitting armour, horns 1, tough skin 1, double potion healing,
drunken brawling
a: no special abilities


You were on level 1 of the Dungeon.
You visited 1 branch of the dungeon, and saw 1 of its levels.

You collected 28 gold pieces.

Inventory:

Hand Weapons
 a - a +0 mace (weapon)
Armour
 b - a +0 robe (worn)
 d - an orb of light (worn)
Scrolls
 f - a scroll of immolation {unknown}


   Skills:
 + Level 4.1 Fighting
 + Level 3.0 Maces & Flails
 + Level 2.7 Dodging


You couldn't memorise any spells.
You didn't know any spells.
Your spell library was empty.

Dungeon Overview and Level Annotations

Branches:
Dungeon (1/15)

Altars:


Innate Abilities, Weirdness & Mutations

You are too large for most types of armour.
You have a pair of small horns on your head.
You have tough skin. (AC +1)
You gain doubled healing and magic from potions.
Whenever you drink a healing potion, you attack all around you.


Message History

You are more poisoned.
You closely miss the kobold. Your headbutt misses the kobold.
You feel extremely sick. The kobold barely misses you.
You feel very sick. The kobold hits you but does no damage.
You are more poisoned.
You feel extremely sick. The kobold attacks as it pursues you!
The kobold hits you with a +1 dagger of venom.
You are more poisoned.
You feel extremely sick. The kobold hits you but does no damage.
You're too confused to move!
You feel very sick.
The kobold hits you with a +1 dagger of venom.
You are more poisoned.
You barely miss the kobold. Your headbutt misses the kobold.
You feel extremely sick. The kobold hits you but does no damage.
You are too confused!
Found a bubbling ruby potion.
You feel very sick. The kobold barely misses you.
You feel less invigorated.
You feel less confused.
You feel very sick.
You barely miss the kobold.
You feel very sick. The kobold hits you but does no damage.
You are lethally poisoned!
You barely miss the kobold.
You feel very sick.
The kobold hits you with a +1 dagger of venom.
You are more poisoned.
The kobold hits you with a +1 dagger of venom.
You are more poisoned.
You hit the kobold.
You kill the kobold!
You die...

.## .$# #.# ####.## ###
#.....# ...
#.....###+#########
#................#.
#.@....##.####...).
#.)..............#.
#.....#...##.......
#.....#...##...#.#.
......###.#.#........#.
.####. #.###...######.
#! #.............. #.
#.###.#......#. #.#
#.#[#.##.#.


There were no monsters in sight!

Vanquished Creatures
  A goblin (D:1)
  A kobold (D:1)
  A ball python (D:1)
  A bat (D:1)
  A rat (D:1)
5 creatures vanquished.

Notes
Turn   | Place    | Note
-------+----------+-------------------------------------------
     0 | D:1      | Anon1729 the Oni Monk began the quest for the Orb.
     0 | D:1      | Reached XP level 1. HP: 24/24 MP: 1/1
   284 | D:1      | Succumbed to a kobold's poison

Illustrated notes

Levels and vault maps discovered:
D:1:      minmay_arrival_hallway, layout_basic, minmay_misc_feat_x

Action                     || total
---------------------------++-------
  Melee: Mace              ||    17
         Headbutt          ||     1
    Use: Potion            ||     2
 Armour: Robe              ||    23
  Dodge: Dodged            ||     3

Table legend: (Time is in decaauts)
 A = Elapsed time spent in this place.
 B = Non-inter-level travel time spent in this place.
 C = Inter-level travel time spent in this place.
 D = Time resting spent in this place.
 E = Time spent auto-exploring this place.
 F = Levels seen in this place.
 G = Mean time per level.
                   A        B        C        D        E       F      G
               +--------+--------+--------+--------+--------+-----+--------+
         Total |    288 |    288 |      0 |      0 |    239 |   1 |  288.0 |
       Dungeon |    288 |    288 |      0 |      0 |    239 |   1 |  288.0 |
               +--------+--------+--------+--------+--------+-----+--------+

Top non-repeatable levels by time:
     D:1: 288 daAuts
